 Dungeon Crawl Stone Soup version 0.29.1-12-g30fa7ad0bf (webtiles) character file.

Game seed: 1437251510933441696

7368 FexLirch the Basher (level 11, -1/72 HPs)
             Began as a Gargoyle Fighter on Dec 24, 2022.
             Was a Follower of the Shining One.
             Slain by a howler monkey (4 damage)
             ... on level 10 of the Dungeon on Dec 25, 2022.
             The game lasted 00:36:16 (13459 turns).

FexLirch the Basher (Gargoyle Fighter)             Turns: 13459, Time: 00:36:17

Health: -1/72      AC: 16    Str: 30    XL:     11   Next: 14%
Magic:  2/2        EV:  9    Int:  9    God:    the Shining One [*.....]
Gold:   538        SH:  6    Dex: 14    Spells: 10/10 levels left

rFire   . . .      SeeInvis .   I - +2 whip (elec)
rCold   . . .      Faith    .   c - +0 buckler
rNeg    + . .      Spirit   .   j - +2 scale mail of the Wumpus {rElec MP-9 Dex+5}
rPois   ∞          Reflect  .   (no helmet)
rElec   +          Harm     +   L - scarf {harm}
rCorr   .          Rampage  .   (no gloves)
Will    +....                   (no boots)
Stlth   ..........              A - amulet of the acrobat
HPRegen 0.22/turn               s - +6 ring of strength
MPRegen 0.08/turn               G - ring of willpower

@: glowing
A: sickness immunity, AC +8, negative energy resistance 1, electricity
resistance, torment resistance 1, petrification resistance
a: Renounce Religion, Divine Shield


You were on level 10 of the Dungeon.
You worshipped the Shining One.
The Shining One was aware of your devotion.
You visited 2 branches of the dungeon, and saw 11 of its levels.

You collected 580 gold pieces.
You spent 42 gold pieces at shops.

Inventory:

Hand Weapons
 a - a +0 flail
 i - a +0 arbalest
 H - a +0 flail of holy wrath
 I - a +2 whip of electrocution (weapon)
Missiles
 g - 10 boomerangs (quivered)
 M - 2 throwing nets
Armour
 c - a +0 buckler (worn)
 j - the +2 scale mail of the Wumpus (worn) {rElec MP-9 Dex+5}
   (You found it on level 2 of the Dungeon)

   Dex:       It affects your dexterity (+5).
   rElec:     It insulates you from electricity.
   MP:        It affects your magic capacity (-9).
 L - a scarf of harm (worn)
Magical Staves
 y - a staff of conjuration
Jewellery
 b - a ring of fire
 s - a +6 ring of strength (left hand)
 A - an amulet of the acrobat (around neck)
 G - a ring of willpower (right hand)
 J - an amulet of magic regeneration
Wands
 p - a wand of polymorph (8)
 t - a wand of flame (19)
 E - a wand of iceblast (4)
Scrolls
 e - 2 scrolls of vulnerability
 f - 2 scrolls of noise
 h - 2 scrolls of magic mapping
 l - 4 scrolls of immolation {unknown}
 m - 2 scrolls of silence
 n - a scroll of brand weapon {unknown}
 o - 3 scrolls of enchant weapon
 q - 2 scrolls of blinking {unknown}
 u - a scroll of butterflies {unknown}
 v - a scroll of poison {unknown}
 C - a scroll of fear
 F - 2 scrolls of amnesia {unknown}
 K - 4 scrolls of teleportation
Potions
 d - 2 potions of cancellation
 k - a potion of berserk rage
 r - a potion of heal wounds {unknown}
 w - a potion of flight {unknown}
 x - a potion of haste {unknown}
 z - a potion of ambrosia {unknown}
 B - a potion of attraction {unknown}
 D - a potion of brilliance {unknown}


   Skills:
 + Level 9.9 Fighting
 * Level 12.1 Maces & Flails
 - Level 3.2 Armour
 + Level 9.9 Shields


You had 10 spell levels left.
You didn't know any spells.
Your spell library contained the following spells:

 Spells                   Type           Power      Damage    Failure   Level
 Sting                    Tmut/Pois      0%         1d3       71%         1
 Poisonous Vapours        Pois/Air       0%         N/A       83%         2
 Static Discharge         Conj/Air       0%         3-3/arc   83%         2
 Wereblood                Tmut           0%         N/A       83%         2
 Portal Projectile        Hex/Tloc       0%         N/A       97%         3
 Summon Guardian Golem    Hex/Summ       0%         N/A       97%         3
 Tukima's Dance           Hex            0%         N/A       97%         3
 Airstrike                Air            0%         2d(0-16)  100%        4
 Animate Dead             Necr           0%         N/A       100%        4
 Corpse Rot               Necr/Pois/Air  0%         N/A       100%        4
 Olgreb's Toxic Radiance  Pois           0%         N/A       100%        4
 Petrify                  Tmut/Erth      0%         N/A       100%        4
 Summon Lightning Spire   Summ/Air       0%         N/A       100%        4
 Alistair's Intoxication  Tmut/Pois      0%         N/A       100%        5
 Blade Hands              Tmut           0%         N/A       100%        5
 Borgnjor's Vile Clutch   Necr/Erth      0%         N/A       100%        5
 Lightning Bolt           Conj/Air       0%         1d11      100%        5
 Metabolic Englaciation   Hex/Ice        0%         N/A       100%        5
 Eringya's Noxious Bog    Tmut/Pois      0%         N/A       100%        6
 Simulacrum               Ice/Necr       0%         N/A       100%        6
 Haunt                    Necr/Summ      0%         N/A       100%        7
 Spellforged Servitor     Conj/Summ      0%         N/A       100%        7
 Summon Hydra             Summ           0%         N/A       100%        7
 Infestation              Necr           0%         N/A       100%        8
 Sublimation of Blood     Necr           Unusable   N/A       N/A         2
 Statue Form              Tmut/Erth      Unusable   N/A       N/A         6

Dungeon Overview and Level Annotations

Branches:
Dungeon (10/15)            Temple (1/1) D:7            Lair (0/5) D:8
    Orc: D:9-12

Altars:
Ashenzari
Cheibriados
Elyvilon
Gozag
Hepliaklqana
Kikubaaqudgha
Makhleb
Qazlal
Ru
Sif Muna
Trog
Uskayaw
Wu Jian
Xom
Yredelemnul
Zin
The Shining One

Shops:
D:1 *   D:3 (?[   D:5 (   D:8 *

Annotations:
D:5 exclusions: downstairs and upstairs


Innate Abilities, Weirdness & Mutations

You are immune to sickness and miasma.
Your stone body is resilient. (AC +8)
You are immune to poison.
You resist negative energy. (rN+)
You are resistant to electric shocks. (rElec)
You are resistant to unholy torment.
You are immune to petrification.


Message History

The centaur warrior shoots an arrow.
The arrow hits you.
A howler monkey comes into view.
The howler monkey howls!
You hear a shout! x2
The centaur warrior shoots an arrow.
The arrow closely misses you.
The centaur warrior shoots an arrow.
The arrow hits you.
The centaur warrior unwields a +0 shortbow.
The centaur warrior completely misses you.
The centaur warrior closely misses you.
You hit the centaur warrior.
The centaur warrior is lightly wounded.
The centaur warrior hits you!
* * * LOW HITPOINT WARNING * * *
The centaur warrior kicks you.
* * * LOW HITPOINT WARNING * * *
You hit the centaur warrior.
The centaur warrior is lightly wounded.
The centaur warrior barely misses you. You block the centaur warrior's attack.
A goblin comes into view. It is wielding a +0 hand axe.
You whack the centaur warrior!
The centaur warrior is moderately wounded.
The howler monkey hits you but does no damage.
The centaur warrior hits you but does no damage.
You block the centaur warrior's attack.
You whack the centaur warrior!
The centaur warrior is severely wounded.
You block the howler monkey's attack.
You hit the centaur warrior.
The centaur warrior is severely wounded.
The centaur warrior hits you!
* * * LOW HITPOINT WARNING * * *
The centaur warrior kicks you.
* * * LOW HITPOINT WARNING * * *
You are too injured to fight recklessly!
It was a potion of cancellation.
You feel magically purged. You block the howler monkey's attack.
You block the centaur warrior's attack.
The centaur warrior kicks you but does no damage.
The centaur warrior hits you but does no damage.
The centaur warrior completely misses you.
The howler monkey hits you.
You die...

#.# ##.#
#..# #.##
#.# #.# #.#
####.####
##..@h...##
#..c......#
#.~~≈~~≈g.#
#.~#####~.#
#.~# ~...
'.~# .###
...~# .#
###.≈# #.~~


You could see a centaur warrior, a howler monkey and a goblin.

Vanquished Creatures
  Pikel (D:7)
  A kobold demonologist (D:10)
  Psyche (D:8)
  A komodo dragon (D:8)
  A wraith (D:9)
  7 yaks
  A steam dragon (D:8)
  Menkaure (D:7)
  2 water moccasins
  2 orc warriors
  A sky beast (D:8)
  4 ice beasts
  2 black bears
  2 ogres
  A centaur (D:9)
  A phantom (D:5)
  4 lemures
  21 kobold brigands
  A gnoll sergeant (D:9)
  A bullfrog (D:6)
  4 scorpions
  9 killer bees
  2 howler monkeys
  Crazy Yiuf (D:7)
  A jelly (D:4)
  9 orc priests
  A gnoll bouda (D:6)
  3 hounds
  Jessica (D:3)
  3 iguanas
  10 orc wizards
  A mummy (D:7)
  10 gnolls
  4 adders
  A shadow imp (D:5)
  2 white imps
  2 ufetubi
  A worm (D:4)
  4 dart slugs
  27 orcs
  10 ball pythons
  8 endoplasms
  2 giant cockroaches
  10 goblins
  7 hobgoblins
  6 jackals
  23 kobolds
  3 quokkas
  6 bats
  3 frilled lizards
  7 rats
237 creatures vanquished.

Vanquished Creatures (others)
  A yak (D:8)
  32 plants (D:8)
33 creatures vanquished.

Grand Total: 270 creatures vanquished

Notes
Turn   | Place    | Note
-------+----------+-------------------------------------------
     0 | D:1      | FexLirch the Gargoyle Fighter began the quest for the Orb.
     0 | D:1      | Reached XP level 1. HP: 14/14 MP: 1/1
   232 | D:1      | Reached XP level 2. HP: 14/19 MP: 2/2
   617 | D:1      | Found Annoax's Assorted Antiques.
  1407 | D:2      | Reached XP level 3. HP: 23/23 MP: 3/3
  1794 | D:2      | Reached skill level 3 in Maces & Flails
  1978 | D:2      | HP: 1/24 [goblin/+0 dagger (1)]
  2224 | D:2      | Identified the +2 scale mail of the Wumpus {rElec MP-9
                  | Dex+5}
  2364 | D:2      | Reached XP level 4. HP: 29/29 MP: 0/4
  2758 | D:3      | Found a shimmering altar of Xom.
  2759 | D:3      | Found a shimmering altar of Xom.
  2759 | D:3      | Found a shimmering altar of Xom.
  2759 | D:3      | Found a shimmering altar of Xom.
  2760 | D:3      | Found a shimmering altar of Xom.
  2760 | D:3      | Found a shimmering altar of Xom.
  2771 | D:3      | Found Daagoh's Antique Weapon Shop.
  2817 | D:3      | Found Possudori's Magic Scroll Shoppe.
  2894 | D:3      | Bought a scroll of teleportation for 42 gold pieces
  2923 | D:3      | Found a shimmering altar of Xom.
  2924 | D:3      | Found a shimmering altar of Xom.
  2946 | D:3      | Got the Handbook of the Septic Swarm
  2984 | D:3      | Found an ancient bone altar of Kikubaaqudgha.
  2985 | D:3      | Found a stormy altar of Qazlal.
  3118 | D:3      | Found a basalt altar of Yredelemnul.
  3118 | D:3      | Noticed Jessica
  3130 | D:3      | Killed Jessica
  3131 | D:3      | Reached XP level 5. HP: 15/33 MP: 0/5
  3474 | D:3      | Reached skill level 4 in Maces & Flails
  3582 | D:3      | Found Pefrauq's Antique Armour Boutique.
  3783 | D:4      | Noticed an ice beast
  3848 | D:4      | Reached XP level 6. HP: 13/39 MP: 0/6
  4505 | D:5      | Entered Level 5 of the Dungeon
  4510 | D:5      | Reached skill level 5 in Maces & Flails
  4674 | D:5      | Reached skill level 5 in Shields
  4678 | D:5      | Reached skill level 5 in Fighting
  4752 | D:5      | Noticed a black bear
  4926 | D:5      | Noticed an ice beast
  4937 | D:5      | Killed an ice beast
  4938 | D:5      | Reached XP level 7. HP: 44/44 MP: 0/7
  5309 | D:5      | Reached skill level 6 in Maces & Flails
  5476 | D:5      | Found Iceuxip's Weapon Shop.
  5582 | D:5      | Found an ornate altar of the Wu Jian Council.
  5658 | D:4      | Found a burning altar of Makhleb.
  5668 | D:4      | Reached XP level 8. HP: 44/51 MP: 0/8
  6226 | D:6      | Reached skill level 7 in Maces & Flails
  7537 | D:6      | Found an opulent altar of Gozag.
  7548 | D:6      | Reached skill level 8 in Maces & Flails
  7563 | D:6      | Reached XP level 9. HP: 45/56 MP: 0/9
  7824 | D:7      | Found a staircase to the Ecumenical Temple.
  8241 | D:7      | Noticed Pikel
  8640 | D:7      | Found a snail-covered altar of Cheibriados.
  8661 | D:7      | Noticed Menkaure
  8667 | D:7      | Killed Menkaure
  8850 | D:7      | Found a runed translucent door.
  8851 | D:7      | Noticed Crazy Yiuf
  8995 | Temple   | Entered the Ecumenical Temple
  9022 | Temple   | Became a worshipper of the Shining One
  9171 | D:7      | Killed Pikel
  9172 | D:7      | Reached skill level 9 in Maces & Flails
  9577 | D:7      | Killed Crazy Yiuf
 10262 | D:8      | Reached XP level 10. HP: 64/64 MP: 1/10
 10267 | D:8      | Reached skill level 10 in Maces & Flails
 10513 | D:8      | Noticed Psyche
 10627 | D:8      | Found a broken altar of Ashenzari.
 10640 | D:8      | Got the Compendium of Necromancy and the Squall
 11593 | D:8      | Reached skill level 11 in Maces & Flails
 11841 | D:8      | Found Ovy Gov's General Store.
 11861 | D:8      | Found a staircase to the Lair.
 11994 | D:8      | Killed Psyche
 13300 | D:10     | Entered Level 10 of the Dungeon
 13315 | D:10     | Noticed a kobold demonologist
 13317 | D:10     | Reached * piety under the Shining One
 13342 | D:10     | Killed a kobold demonologist
 13352 | D:10     | Reached XP level 11. HP: 70/71 MP: 2/11
 13387 | D:10     | Reached skill level 12 in Maces & Flails
 13442 | D:10     | Noticed a centaur warrior
 13458 | D:10     | HP: 3/72 [centaur warrior (4)]
 13459 | D:10     | Slain by a howler monkey

Illustrated notes

Levels and vault maps discovered:
D:1:      enne_arrival_octagon_isle, layout_basic, serial_co_window_serial,
          co_window_paths_a, co_window_of_opportunity_a, co_window_paths_a,
          co_window_of_opportunity_a, co_window_paths_a,
          co_window_of_opportunity_b, co_window_2corner, co_window_corner_b,
          co_window_corner_b, co_window_paths_c, co_window_of_opportunity_b,
          co_window_corner_b, glass_columns_b, glass_columns_b, glass_columns_a,
          serial_shops, shop
D:2:      layout_basic, chequers_serial_rivers_room_b,
          minmay_randomly_rotated_circles
D:3:      layout_loops_ring, gammafunk_temple_overflow_wave,
          mainiacjoe_overflow_cross_hatched, xom_redecorated, serial_shops,
          nicolae_shop_hallway_stairs, nicolae_shop_overgrown_old_shop,
          nicolae_shop_hallway_stairs, nrook_mini_backslash, uniq_jessica
D:4:      layout_loops_ring, amcnicky_altar_gilded
D:5:      layout_layer_cave, nicolae_wu_jian_glorious_leap,
          nicolae_concentric_dashed_squares_wild, nicolae_stop_n_shop_1
D:6:      layout_rooms, mainiacjoe_overflow_24_doors
D:7:      layout_basic, slow_altar_1, minmay_temple_entry_slanted, uniq_pikel,
          uniq_menkaure, uniq_crazy_yiuf_cottage
D:8:      nicolae_cairo_tiling_very_big, layout_rooms,
          mainiacjoe_overflow_boulevard, david_lair_shrubbed, serial_shops,
          nicolae_square_shop, uniq_psyche
D:9:      layout_loops_corners
D:10:     layout_roguey [special_room_kobold], enter_bailey_3,
          hangedman_incinerator
Temple:   hellmonk_temple_forest_ring

Skill      XL: |  1  2  3  4  5  6  7  8  9 10 11 |
---------------+----------------------------------+-----
Maces & Flails | 3 4 5 6 8 9 11 12 | 12.1
Shields        | 4 5 6 8 9 |  9.9
Fighting       | 4 5 6 8 9 |  9.9
Armour         | |  3.2

Action                   |  1- 3 |  4- 6 |  7- 9 | 10-12 || total
-------------------------+-------+-------+-------+-------++-------
Melee: Flail             |   132 |   161 |   402 |   210 ||   905
       Whip              |       |       |       |   135 ||   135
Throw: Boomerang         |       |       |     4 |     5 ||     9
Evoke: Wand              |       |       |     1 |       ||     1
  Use: Potion            |     4 |     2 |     4 |     2 ||    12
       Scroll            |       |     4 |     4 |     1 ||     9
Armor: Scale mail        |    80 |    88 |   224 |   127 ||   519
       Skin              |       |       |       |     5 ||     5
Dodge: Dodged            |    67 |    80 |   191 |   114 ||   452
Block: Buckler           |    39 |    44 |   119 |    78 ||   280
